AoeStats
← Trexology

Arabia

510283933Analyzed
1v1 RM · 1d ago on Sep 30, 2026· 15m 58s· 2 players
Game mode
Random Map
Map size
Tiny (2 player)
Population
200
Speed
Normal
Resources
Standard
Victory
Conquest
Starting age
Dark Age
Ending age
Imperial Age
RankedLock teamsTeams togetherTeam positionsShared explorationLock speedFull tech treeHidden civsTurbo modeCheats
Victory
Defeat
🇰🇿 Japanese · Kazakhstan
1060
+17
🇩🇪 Byzantines · Germany
1092
-17
albaevaarina0
10:05 Feudal Age
8:21 Loom
10:09 Man-at-Arms
13:53 Double-Bit Axe
15:37 Horse Collar
Trexology
7:52 Loom
10:21 Feudal Age
10:56 Double-Bit Axe
10:40 Man-at-Arms
11:34 Horse Collar
Connection lost

Rejoining the realm…

Still unreachable

The connection could not be restored.

Session expired

The server has moved on; the page needs a fresh start.